[Event "January 2 Early 2024"]
[Site "https://www.chess.com"]
[Date "2024.01.02"]
[Round "2"]
[White "Slavin, Alexey"]
[Black "Tarhan, Adar"]
[Result "0-1"]
[Board "117"]
[TimeControl "180+1"]
[WhiteFideId "24104388"]
[BlackFideId "34544712"]
[WhiteElo "2250"]
[BlackElo "2704"]
[WhiteTeam "RUS"]
[BlackTeam "TUR"]
[WhiteClock "0:00:01"]
[BlackClock "0:00:11"]

1. e4 g6 2. d4 Bg7 3. Nc3 d6 4. Be3 a6 5. Qd2 b5 6. a3 Bb7 7. f3 Nd7 8. Bd3 Rc8 9. Nh3 c5 10. d5 Ne5 11. Be2 h5 12. O-O Nf6 13. Rae1 Rc7 14. Nf2 Bc8 15. h3 h4 16. b3 Nh5 17. f4 Nd7 18. Bxh5 Rxh5 19. Ne2 Kf8 20. c4 Kg8 21. Nd3 bxc4 22. bxc4 Rb7 23. Rb1 Qc7 24. Kh2 f5 25. exf5 Rxf5 26. Ng1 Nf6 27. Nf3 Ne4 28. Qc2 Ng3 29. Rfe1 Bf6 30. Bf2 Rxb1 31. Rxb1 e6 32. Nxh4 Bxh4 33. Bxg3 Bxg3+ 34. Kxg3 exd5 35. cxd5 Rxd5 36. Nb4 Rf5 37. Qc4+ Qf7 38. Qxf7+ Kxf7 39. Nd3 c4 40. Nf2 d5 41. Ng4 d4 42. Ne5+ Rxe5 43. fxe5 c3 44. Kf4 d3 45. Ke3 Bf5 46. g4 c2 47. Rc1 Be4 48. Rf1+ Ke6 49. Kd2 Kxe5 50. Re1 Kd4 51. Rf1 Bg2 52. Rf6 g5 53. Rf5 Bxh3 54. Rxg5 Bg2 55. Ra5 c1=Q+ 56. Kxc1 Ke3 57. Re5+ Kd4 58. Re8 Bc6 59. Kd2 Bxe8 60. g5 Bg6 61. a4 a5 62. Kd1 Kc3 63. Ke1 d2+ 64. Kd1 Bh5# 0-1

[Event "January 2 Early 2024"]
[Site "https://www.chess.com"]
[Date "2024.01.02"]
[Round "2"]
[White "Manolache, Marius"]
[Black "Skurikhin, Dmitrij"]
[Result "1/2-1/2"]
[Board "118"]
[TimeControl "180+1"]
[WhiteFideId "1201530"]
[BlackFideId "4161297"]
[WhiteElo "2703"]
[BlackElo "2248"]
[WhiteTeam "ROU"]
[BlackTeam "RUS"]
[WhiteClock "0:00:11"]
[BlackClock "0:00:14"]

1. d4 d5 2. c4 c6 3. Nc3 Nf6 4. Nf3 dxc4 5. g3 Bf5 6. Bg2 e6 7. Ne5 Nbd7 8. Nxc4 Bb4 9. O-O O-O 10. a3 Be7 11. e4 Bg6 12. Qe2 b5 13. Ne5 Nxe5 14. dxe5 Nd7 15. f4 f5 16. exf6 Nxf6 17. Be3 b4 18. axb4 Bxb4 19. Qc4 Bxc3 20. bxc3 Kh8 21. Bc5 Re8 22. h3 Qd2 23. Rf2 Qd7 24. g4 Bf7 25. Qe2 Qb7 26. e5 Nd5 27. c4 Nb6 28. Qe4 Rac8 29. f5 exf5 30. gxf5 Bxc4 31. Bxb6 Bd5 32. Qd4 axb6 33. e6 Rcd8 34. Bxd5 Rxd5 35. Qg4 Qe7 36. Kh2 Rf8 37. Rg1 Qf6 38. Re1 Re8 39. e7 Rxe7 40. Rxe7 Qxe7 41. f6 gxf6 42. Qc8+ Rd8 43. Qxc6 Qd6+ 44. Qxd6 Rxd6 45. Rc2 Kg7 46. Rc7+ Kg6 47. Rb7 h5 48. Kg3 Kg5 49. h4+ Kf5 50. Rb8 Rd3+ 51. Kg2 Rb3 52. Rf8 Ke5 53. Rh8 Kf4 54. Rxh5 Kg4 55. Rh6 Rb2+ 56. Kf1 f5 57. h5 Kf3 58. Ke1 f4 59. Rg6 Rh2 60. h6 Rh1+ 61. Kd2 Kf2 62. Rxb6 f3 63. Rg6 Kf1 64. Ke3 f2 65. Kd2 Rh3 66. Kd1 Rd3+ 67. Kc2 Rh3 68. Kd2 Rh4 69. Kc2 Rh3 70. Kd2 Rh4 71. Kc2 Ke2 72. Re6+ Kf3 73. Rf6+ Ke2 74. Re6+ Kf3 75. Rf6+ Ke2 76. Re6+ 1/2-1/2

[Event "January 2 Early 2024"]
[Site "https://www.chess.com"]
[Date "2024.01.02"]
[Round "2"]
[White "Mindlin, Alon"]
[Black "Travadon, Loic"]
[Result "0-1"]
[Board "119"]
[TimeControl "180+1"]
[WhiteFideId "2800071"]
[BlackFideId "26092131"]
[WhiteElo "2702"]
[BlackElo "2241"]
[WhiteTeam "ISR"]
[BlackTeam "FRA"]
[WhiteClock "0:00:55"]
[BlackClock "0:00:36"]

1. d4 Nf6 2. c4 e6 3. Nc3 d5 4. Nf3 c6 5. Bg5 Nbd7 6. e3 dxc4 7. Bxc4 b5 8. Bb3 Be7 9. O-O Bb7 10. Rc1 O-O 11. Qe2 h6 12. Bxf6 Nxf6 13. Rfd1 Rc8 14. Ne5 a6 15. Nd3 c5 16. Nxc5 Bxc5 17. dxc5 Qe7 18. e4 Nd7 19. Bc2 Nxc5 20. Qe3 b4 21. Ne2 Rfd8 22. Ng3 a5 23. h3 Rxd1+ 24. Rxd1 Qc7 25. Nh5 Qe5 26. Ng3 Qxb2 27. Bb1 Na4 28. Rf1 Ba6 29. Re1 Qc3 30. Kh2 Qxe3 31. fxe3 Nc3 32. Bc2 Bb7 33. e5 Rd8 34. Nh5 Rd2 0-1

[Event "January 2 Early 2024"]
[Site "https://www.chess.com"]
[Date "2024.01.02"]
[Round "2"]
[White "Nazari, Arad"]
[Black "Daurimbetov, Azamat"]
[Result "1-0"]
[Board "120"]
[TimeControl "180+1"]
[WhiteFideId "12577324"]
[BlackFideId "14201950"]
[WhiteElo "2691"]
[BlackElo "2237"]
[WhiteTeam "IRI"]
[BlackTeam "UZB"]
[WhiteClock "0:02:14"]
[BlackClock "0:00:59"]

1. e4 e5 2. f4 d5 3. exd5 Qxd5 4. Nc3 Qc5 5. Nf3 exf4 6. d4 Qe7+ 7. Kf2 g5 8. Bb5+ c6 9. Re1 cxb5 10. Nd5 Qxe1+ 11. Qxe1+ Kd8 12. Nxg5 Nh6 13. Bxf4 Na6 14. Qa5+ b6 15. Nxb6 axb6 16. Qxb6+ Kd7 17. Ne4 Ng4+ 18. Kg1 f5 19. Qxb5+ Ke6 20. Ng5+ Kf6 21. Qc6+ 1-0

[Event "January 2 Early 2024"]
[Site "https://www.chess.com"]
[Date "2024.01.02"]
[Round "2"]
[White "Rose, Felix"]
[Black "Mammadova, Narmin"]
[Result "1-0"]
[Board "121"]
[TimeControl "180+1"]
[WhiteFideId "5105722"]
[BlackFideId "13403710"]
[WhiteElo "2186"]
[BlackElo "2690"]
[WhiteTeam "MEX"]
[BlackTeam "AZE"]
[WhiteClock "0:00:45"]
[BlackClock "0:00:00"]

1. e4 c6 2. d4 d5 3. e5 Bf5 4. h4 h5 5. Bd3 Bxd3 6. Qxd3 Qa5+ 7. Nd2 Qa6 8. c4 e6 9. Ngf3 Nh6 10. O-O Nf5 11. Qc2 Nd7 12. cxd5 cxd5 13. Nb3 Be7 14. g3 O-O 15. Bg5 Bxg5 16. Nxg5 Rac8 17. Qd2 g6 18. Rfc1 Kg7 19. Kg2 b6 20. Rc3 Rxc3 21. Qxc3 Rc8 22. Qd2 Rc4 23. Nf3 Qc8 24. Rc1 a5 25. Rc3 a4 26. Nc1 b5 27. Ne2 b4 28. Rc1 Nb6 29. b3 Rxc1 30. Nxc1 axb3 31. axb3 Qc3 32. Nd3 Qxd2 33. Nxd2 Nxd4 34. Nxb4 f6 35. Nd3 Nd7 36. f4 fxe5 37. fxe5 Nc6 38. Nf3 Nb6 39. Kf2 Kf7 40. Ke3 Ke7 41. Nd4 Nxd4 42. Kxd4 Kf7 43. b4 Ke7 44. b5 Nc4 45. Kc5 Kd7 46. b6 Na5 47. Kb5 Nb7 48. Ka6 Nd8 49. Ka7 Nc6+ 50. Ka8 d4 51. b7 Kc7 52. Nc5 Nb8 53. Nxe6+ 1-0

[Event "January 2 Early 2024"]
[Site "https://www.chess.com"]
[Date "2024.01.02"]
[Round "2"]
[White "Agibileg, Uurtsaikh"]
[Black "Von Buelow, Georg"]
[Result "1-0"]
[Board "122"]
[TimeControl "180+1"]
[WhiteFideId "4901606"]
[BlackFideId "4620658"]
[WhiteElo "2686"]
[BlackElo "2183"]
[WhiteTeam "MGL"]
[BlackTeam "GER"]
[WhiteClock "0:01:46"]
[BlackClock "0:00:01"]

1. d4 Nf6 2. c4 e6 3. Nc3 Bb4 4. f3 c5 5. d5 d6 6. e4 O-O 7. Ne2 b5 8. Nf4 exd5 9. Nxd5 Bb7 10. Bg5 Nbd7 11. Be2 bxc4 12. O-O Bxc3 13. Nxc3 h6 14. Bh4 Ne5 15. f4 Ng6 16. Bxf6 Qxf6 17. Bxc4 Rab8 18. Kh1 Qd4 19. Qe2 d5 20. Bxd5 Bxd5 21. exd5 Nxf4 22. Qf3 Nd3 23. Ne2 Qc4 24. b3 Qa6 25. Ng3 Ne5 26. Qe3 Nd7 27. Nf5 Rbe8 28. Qf4 Qg6 29. Rae1 Qg5 30. Rxe8 Rxe8 31. Nxh6+ Kh7 32. Qxg5 gxh6 33. Rxf7+ 1-0

[Event "January 2 Early 2024"]
[Site "https://www.chess.com"]
[Date "2024.01.02"]
[Round "2"]
[White "Adelman, Charles"]
[Black "Rozman, Levy"]
[Result "0-1"]
[Board "123"]
[TimeControl "180+1"]
[WhiteFideId "2003597"]
[BlackFideId "2039877"]
[WhiteElo "2181"]
[BlackElo "2685"]
[WhiteTeam "USA"]
[BlackTeam "USA"]
[WhiteClock "0:00:36"]
[BlackClock "0:00:37"]

1. Nf3 g6 2. c4 Bg7 3. g3 d6 4. Bg2 Nc6 5. Nc3 Bd7 6. Rb1 a5 7. a3 Qc8 8. h3 Nh6 9. b4 axb4 10. axb4 O-O 11. b5 Na5 12. Rb4 Nf5 13. O-O Nd4 14. Kh2 Nxf3+ 15. exf3 c5 16. bxc6 bxc6 17. Qe2 Re8 18. Rb1 Be6 19. Re1 Bxc4 20. Qe3 Be6 21. Ne4 Nc4 22. Qe2 h6 23. f4 Ra2 24. Qd1 Bd5 25. Rf1 Qf5 26. d3 Na3 27. g4 Qd7 28. Bd2 Nxb1 29. Qxb1 Rb2 30. Qc1 Reb8 31. Bc3 Rb1 32. Qd2 Rxf1 33. Bxf1 Bxe4 34. dxe4 Bxc3 35. Qxc3 Qe6 36. Qxc6 Qf6 37. Kg3 g5 38. Qc1 Rb3+ 39. f3 Kg7 40. Bc4 Rc3 0-1

[Event "January 2 Early 2024"]
[Site "https://www.chess.com"]
[Date "2024.01.02"]
[Round "2"]
[White "Arslanov, Shamil"]
[Black "Yushko, Olga"]
[Result "1-0"]
[Board "124"]
[TimeControl "180+1"]
[WhiteFideId "4192826"]
[BlackFideId "14114500"]
[WhiteElo "2683"]
[BlackElo "2181"]
[WhiteTeam "RUS"]
[BlackTeam "UKR"]
[WhiteClock "0:00:41"]
[BlackClock "0:00:58"]

1. d4 e6 2. e4 d5 3. Be3 Nf6 4. e5 Nfd7 5. f4 c5 6. c3 Nc6 7. Nf3 Qb6 8. Qd2 cxd4 9. cxd4 Be7 10. Nc3 O-O 11. Bd3 f6 12. O-O Qd8 13. Kh1 a6 14. Rac1 Na5 15. b3 b5 16. exf6 Bxf6 17. Ne5 Bb7 18. Qc2 g6 19. Bxg6 hxg6 20. Qxg6+ Bg7 21. Qxe6+ Kh7 22. Nxd7 Re8 23. Qf5+ Kg8 24. Ne5 Bc8 25. Qh5 Bb7 26. f5 Qf6 27. Bg5 Qf8 28. f6 1-0

[Event "January 2 Early 2024"]
[Site "https://www.chess.com"]
[Date "2024.01.02"]
[Round "2"]
[White "Crocker, Philip J"]
[Black "Han, Yichen"]
[Result "0-1"]
[Board "125"]
[TimeControl "180+1"]
[WhiteFideId "403180"]
[BlackFideId "1054430"]
[WhiteElo "2098"]
[BlackElo "2679"]
[WhiteTeam "ENG"]
[BlackTeam "NED"]
[WhiteClock "0:00:00"]
[BlackClock "0:00:08"]

1. e4 c5 2. Nf3 d6 3. d4 cxd4 4. Nxd4 Nf6 5. Nc3 Nc6 6. Bg5 e6 7. Qd2 Be7 8. O-O-O O-O 9. f4 Bd7 10. e5 dxe5 11. Nxc6 Bxc6 12. fxe5 Nd5 13. Bxe7 Qxe7 14. Nxd5 Bxd5 15. Kb1 b5 16. Bd3 a5 17. h4 b4 18. Qg5 Qb7 19. h5 h6 20. Qg3 a4 21. Rh4 Kh8 22. Rg4 Rg8 23. Rf1 b3 24. cxb3 axb3 25. a3 Raf8 26. Rb4 Qe7 27. Bc4 Bxc4 28. Rxc4 Rd8 29. Qxb3 Rd5 30. Qe3 Rb8 31. Ka2 Rdb5 32. Rf2 Qb7 33. Qd4 Rd5 34. Qc3 Rbd8 35. Rc2 Rd3 36. Qb4 Qd5 37. Qc5 Qa8 38. Qc6 Qb8 39. Rb4 Qxe5 40. g4 Qf6 41. Rbc4 R3d6 42. Qb7 R6d7 43. Qb6 Qg5 44. Rc8 Qd5+ 45. Kb1 Qd1+ 46. Ka2 Qd5+ 47. Kb1 Kh7 48. Rxd8 Rxd8 49. Qc5 Qh1+ 50. Ka2 Rd1 51. a4 Ra1+ 52. Kb3 Qb7+ 53. Qb5 Qf3+ 54. Rc3 Qd1+ 0-1

[Event "January 2 Early 2024"]
[Site "https://www.chess.com"]
[Date "2024.01.02"]
[Round "2"]
[White "Csonka, Balazs"]
[Black "Ghosh, Chanchal Kumer"]
[Result "1-0"]
[Board "126"]
[TimeControl "180+1"]
[WhiteFideId "742910"]
[BlackFideId "10201858"]
[WhiteElo "2678"]
[BlackElo "2038"]
[WhiteTeam "HUN"]
[BlackTeam "BAN"]
[WhiteClock "0:00:02"]
[BlackClock "0:00:00"]

1. c4 e5 2. g3 Bc5 3. Bg2 Nc6 4. Nc3 a6 5. e3 d6 6. Nge2 Ba7 7. d4 exd4 8. exd4 Nge7 9. O-O h5 10. Bg5 f6 11. Be3 h4 12. Nf4 hxg3 13. hxg3 Bf5 14. Re1 Qd7 15. Ncd5 Kf7 16. Nxe7 Nxe7 17. Qb3 g5 18. c5+ Kg7 19. Nd5 Nxd5 20. Qxd5 Rab8 21. Rac1 Be6 22. Qf3 c6 23. cxd6 Qxd6 24. Red1 Bd5 25. Qf5 Rbe8 26. Bxd5 Qxd5 27. Qxd5 cxd5 28. Rc7+ Kg6 29. Rxb7 Bb8 30. Kg2 Rh7 31. Rxh7 Kxh7 32. Rc1 Kg6 33. Rc6 a5 34. b3 Kf7 35. Rc5 Bd6 36. Rxd5 Ke6 37. Rxa5 Rc8 38. d5+ Kf5 39. Kf3 Rc2 40. g4+ Kg6 41. Ra6 Be5 42. a4 Rc3 43. Rb6 Rd3 44. Ke4 Rd1 45. a5 Rg1 46. Kf3 Ra1 47. a6 Kf7 48. Rc6 f5 49. gxf5 Ra2 50. a7 Bf6 51. Rc8 1-0

[Event "January 2 Early 2024"]
[Site "https://www.chess.com"]
[Date "2024.01.02"]
[Round "2"]
[White "Erigaisi Arjun"]
[Black "Yaniuk, Volodymyr"]
[Result "0-1"]
[Board "127"]
[TimeControl "180+1"]
[WhiteFideId "35009192"]
[BlackFideId "14133083"]
[WhiteElo "3078"]
[BlackElo "2529"]
[WhiteTeam "IND"]
[BlackTeam "UKR"]
[WhiteClock "0:00:09"]
[BlackClock "0:00:50"]

1. b3 d5 2. Bb2 Bg4 3. Nf3 Bxf3 4. exf3 Nd7 5. f4 Ngf6 6. f5 g6 7. fxg6 hxg6 8. g3 Bg7 9. Bg2 c6 10. O-O O-O 11. Re1 Ne8 12. d4 Nc7 13. Nd2 Re8 14. c4 e6 15. h4 Nf6 16. Qc2 a5 17. Nf3 Na6 18. Ng5 Nb4 19. Qc3 Nh7 20. Nxh7 Kxh7 21. a3 Na6 22. Qf3 Qf6 23. Qd3 Qf5 24. Qxf5 gxf5 25. cxd5 cxd5 26. Rac1 Rec8 27. Bf1 Bf8 28. Bb5 Bd6 29. Rxc8 Rxc8 30. Rc1 Rxc1+ 31. Bxc1 Nb8 32. Kf1 Nc6 33. Bxc6 bxc6 34. Ke2 c5 35. Kd3 Kg7 36. a4 cxd4 37. Kxd4 Bb4 38. Bb2 f6 39. Bc3 e5+ 40. Kd3 Bc5 41. Bxa5 Bxf2 42. Bd2 e4+ 43. Ke2 Bxg3 44. a5 d4 45. b4 f4 46. b5 f3+ 47. Kd1 e3 48. b6 exd2 49. Kxd2 f2 50. Ke2 d3+ 0-1

[Event "January 2 Early 2024"]
[Site "https://www.chess.com"]
[Date "2024.01.02"]
[Round "2"]
[White "Veiga, Jose Francisco R P Neves"]
[Black "Fedoseev, Vladimir"]
[Result "0-1"]
[Board "128"]
[TimeControl "180+1"]
[WhiteFideId "1930087"]
[BlackFideId "24130737"]
[WhiteElo "2534"]
[BlackElo "3029"]
[WhiteTeam "POR"]
[BlackTeam "SLO"]
[WhiteClock "0:00:22"]
[BlackClock "0:00:26"]

1. c4 Nf6 2. Nc3 g6 3. g3 Bg7 4. Bg2 O-O 5. e4 c5 6. Nge2 Nc6 7. O-O Ne8 8. a3 Nc7 9. Rb1 a5 10. d3 d6 11. Be3 Ne6 12. Nd5 Bd7 13. b4 axb4 14. axb4 b6 15. Qd2 Ncd4 16. Bxd4 Nxd4 17. Nec3 e6 18. Ne3 Ra3 19. Nb5 Nxb5 20. cxb5 Bc3 21. Qc2 Bxb4 22. Nc4 Rc3 23. Qe2 Bxb5 24. h4 d5 25. exd5 exd5 26. Nb2 Re8 27. Qf3 Re5 28. Qf4 Rf5 29. Qe3 h5 30. Bh3 Rf6 31. Rfd1 Kg7 32. Qe5 Qd6 33. Qg5 Bc6 34. Bg2 Rc2 35. Rf1 Bd2 0-1

[Event "January 2 Early 2024"]
[Site "https://www.chess.com"]
[Date "2024.01.02"]
[Round "2"]
[White "Devaev, Alexander"]
[Black "Bluebaum, Matthias"]
[Result "0-1"]
[Board "129"]
[TimeControl "180+1"]
[WhiteFideId "4169395"]
[BlackFideId "24651516"]
[WhiteElo "2508"]
[BlackElo "3004"]
[WhiteTeam "RUS"]
[BlackTeam "GER"]
[WhiteClock "0:00:36"]
[BlackClock "0:01:48"]

1. d4 d5 2. Nf3 e6 3. Bf4 c5 4. e3 Nc6 5. Nbd2 Bd6 6. c3 Bxf4 7. exf4 cxd4 8. cxd4 Qb6 9. Nb3 a5 10. Rb1 Nf6 11. Be2 a4 12. Nc5 Qb4+ 13. Qd2 O-O 14. Qxb4 Nxb4 15. a3 Nc6 16. Nd3 b6 17. Nde5 Bb7 18. Bb5 Rfc8 19. Bxc6 Bxc6 20. Kd2 Bb5 21. Rbc1 Ne4+ 22. Ke3 f6 23. Ng4 h5 24. h3 hxg4 25. hxg4 Nd6 26. f5 exf5 27. gxf5 Nxf5+ 28. Kf4 Nd6 0-1

[Event "January 2 Early 2024"]
[Site "https://www.chess.com"]
[Date "2024.01.02"]
[Round "2"]
[White "Matlakov, Maxim"]
[Black "Shapiro, Viktor"]
[Result "0-1"]
[Board "130"]
[TimeControl "180+1"]
[WhiteFideId "4168003"]
[BlackFideId "4175700"]
[WhiteElo "2978"]
[BlackElo "2517"]
[WhiteTeam "RUS"]
[BlackTeam "RUS"]
[WhiteClock "0:00:02"]
[BlackClock "0:01:23"]

1. d4 Nf6 2. Nf3 c5 3. d5 e6 4. Nc3 exd5 5. Nxd5 Nxd5 6. Qxd5 d6 7. e4 Nc6 8. Bc4 Be6 9. Qd3 Be7 10. c3 Qd7 11. O-O h6 12. Rd1 Rd8 13. Bf4 O-O 14. h3 a6 15. Qe2 b5 16. Bd5 Bxd5 17. Rxd5 Qe6 18. Rad1 Rfe8 19. a4 Bf8 20. axb5 axb5 21. Qxb5 Qxe4 22. Bxd6 Nd4 23. Qxc5 Nxf3+ 24. gxf3 Qxf3 25. Qd4 Rxd6 26. Rxd6 Bxd6 27. Qxd6 Qxh3 28. Qg3 Qh5 29. Ra1 Re6 30. Kf1 Rg6 31. Qb8+ Kh7 32. Re1 Qh1+ 33. Ke2 Re6+ 0-1

[Event "January 2 Early 2024"]
[Site "https://www.chess.com"]
[Date "2024.01.02"]
[Round "2"]
[White "Seletsky, Grigory"]
[Black "Mekhitarian, Krikor Sevag"]
[Result "0-1"]
[Board "131"]
[TimeControl "180+1"]
[WhiteFideId "14112191"]
[BlackFideId "2107660"]
[WhiteElo "2424"]
[BlackElo "2858"]
[WhiteTeam "UKR"]
[BlackTeam "BRA"]
[WhiteClock "0:00:38"]
[BlackClock "0:00:06"]

1. b3 b6 2. Bb2 Bb7 3. e3 Nf6 4. Nf3 g6 5. g3 Bg7 6. Bg2 O-O 7. O-O c5 8. c4 d5 9. cxd5 Qxd5 10. Ne1 Qd7 11. Bxb7 Qxb7 12. Qf3 Nc6 13. Nc2 Rab8 14. Rd1 e5 15. d3 Rfd8 16. Nc3 Rbc8 17. Rac1 Qe7 18. Kg2 h5 19. h3 Rd7 20. Ne1 Nb4 21. a3 Nc6 22. Qe2 Rcd8 23. Qc2 Qe6 24. Ne4 Nxe4 25. dxe4 Bf8 26. Nf3 f6 27. Rxd7 Rxd7 28. Rd1 Rxd1 29. Qxd1 Na5 30. Nd2 b5 31. Qc2 a6 32. Bc3 Nb7 33. Qd3 Kf7 34. Qd5 Qxd5 35. exd5 Nd6 36. e4 Bh6 37. f3 Bxd2 38. Bxd2 c4 39. bxc4 Nxc4 40. Bb4 f5 41. Kf2 Kf6 42. Ke2 g5 43. g4 hxg4 44. hxg4 f4 45. Kd3 Kf7 46. Kc3 Ke8 47. Bc5 Kd7 48. Kd3 Nb2+ 49. Kc3 Nc4 50. Kb4 Nd2 51. Ka5 Nxf3 52. Kxa6 Nd2 53. Kxb5 Nxe4 54. Bb6 f3 55. a4 Nc3+ 56. Kc4 Nxa4 57. Be3 Nb2+ 58. Kc3 Nd1+ 59. Kd2 Nxe3 60. Kxe3 e4 0-1

[Event "January 2 Early 2024"]
[Site "https://www.chess.com"]
[Date "2024.01.02"]
[Round "2"]
[White "Vakhlamov, Igor L."]
[Black "Sanchez Alvares, Kelvin Antonio"]
[Result "1-0"]
[Board "132"]
[TimeControl "180+1"]
[WhiteFideId "24126748"]
[BlackFideId "3906680"]
[WhiteElo "2802"]
[BlackElo "2465"]
[WhiteTeam "RUS"]
[BlackTeam "VEN"]
[WhiteClock "0:00:08"]
[BlackClock "0:00:11"]

1. e4 e5 2. Nf3 Nc6 3. Nc3 Bc5 4. Nxe5 Nxe5 5. d4 Bd6 6. dxe5 Bxe5 7. Qd3 d6 8. Bd2 Nf6 9. O-O-O O-O 10. h3 Re8 11. Re1 Bd7 12. g4 Bc6 13. Bg2 Nd7 14. f4 Nc5 15. Qc4 b5 16. Nxb5 Bxb5 17. Qxb5 Rb8 18. Qc4 Bxb2+ 19. Kd1 Ba3 20. Re3 d5 21. Qxd5 Qe7 22. Rxa3 Rbd8 23. Qc4 Nxe4 24. Bxe4 Qxa3 25. Bd3 Qb2 26. Bc1 Qb7 27. Rf1 Qg2 28. Bd2 Qxh3 29. g5 Rb8 30. Kc1 Qg2 31. f5 Qb7 32. Bc3 Qb1+ 33. Kd2 Qb6 34. Qd4 Qxd4 35. Bxd4 Rbd8 36. Bxa7 Ra8 37. Bd4 Rxa2 38. Rb1 Ra4 39. Kc3 c5 40. Bf2 c4 41. Bxc4 Rc8 42. Rb4 Ra5 43. g6 Rxf5 44. gxf7+ Rxf7 45. Bd4 Kf8 46. Kb3 Rf3+ 47. c3 h5 48. Rb5 g6 49. Be6 Rc6 50. Bd5 Rff6 51. Bxc6 Rd6 52. c4 Rxc6 53. c5 h4 54. Rb6 1-0

[Event "January 2 Early 2024"]
[Site "https://www.chess.com"]
[Date "2024.01.02"]
[Round "2"]
[White "Korol, Dimitry"]
[Black "Skliarov, Viktor"]
[Result "0-1"]
[Board "133"]
[TimeControl "180+1"]
[WhiteFideId "14108003"]
[BlackFideId "14106736"]
[WhiteElo "2328"]
[BlackElo "2661"]
[WhiteTeam "UKR"]
[BlackTeam "UKR"]
[WhiteClock "0:00:00"]
[BlackClock "0:00:20"]

1. d4 Nf6 2. c4 e5 3. dxe5 Ng4 4. Bf4 Nc6 5. Nf3 Bb4+ 6. Nbd2 Qe7 7. e3 Ngxe5 8. Nxe5 Nxe5 9. Be2 O-O 10. O-O Bxd2 11. Qxd2 a5 12. c5 Qxc5 13. Rac1 Qd6 14. Qxd6 cxd6 15. Rfd1 Nc6 16. Bxd6 Re8 17. h3 h6 18. g4 a4 19. a3 Ra5 20. Rd4 Nxd4 21. exd4 Rxe2 22. Rxc8+ Kh7 23. Rc7 Rxb2 24. Bb4 Rd5 25. Rxb7 Rxd4 26. Ra7 Rd3 27. Kg2 Rbb3 28. h4 h5 29. g5 Rd4 30. Rc7 Rg4+ 31. Kf1 Rxh4 32. Rxd7 Kg6 33. Bd2 Rxa3 34. Rd6+ f6 35. gxf6 gxf6 36. Be3 Re4 37. Kg2 Ra2 38. Kf3 Re5 39. Bd4 Rf5+ 40. Ke4 a3 41. Ra6 h4 42. Ra8 h3 43. Rh8 Re2+ 44. Kd3 Rexf2 45. Bxf2 Rxf2 46. Rxh3 a2 47. Rh1 Kf5 48. Ke3 Rb2 49. Ra1 Ke5 50. Kd3 f5 51. Ke3 Rb3+ 52. Kf2 Ra3 53. Ke2 Ke4 54. Kd2 f4 55. Ke2 f3+ 56. Kf2 Kf4 57. Kf1 Kg3 58. Kg1 Rb3 59. Rf1 Rb1 0-1

[Event "January 2 Early 2024"]
[Site "https://www.chess.com"]
[Date "2024.01.02"]
[Round "2"]
[White "Aaditya Dhingra"]
[Black "Borda Rodas, Anapaola S."]
[Result "0-1"]
[Board "135"]
[TimeControl "180+1"]
[WhiteFideId "25678191"]
[BlackFideId "152781"]
[WhiteElo "2622"]
[BlackElo "2208"]
[WhiteTeam "IND"]
[BlackTeam "ARG"]
[WhiteClock "0:00:13"]
[BlackClock "0:00:28"]

1. a3 e5 2. c4 Nf6 3. Nc3 c6 4. Nf3 Bd6 5. b4 b6 6. g3 Bc7 7. Bg2 d5 8. cxd5 cxd5 9. Nb5 Bb7 10. Bb2 Nbd7 11. Rc1 Bb8 12. O-O a6 13. Nc3 d4 14. Nb1 Ra7 15. d3 O-O 16. Nbd2 b5 17. Nb3 Bd5 18. Na5 Rc7 19. Nd2 Re8 20. Bxd5 Nxd5 21. Qb3 N7b6 22. Ne4 Rxc1 23. Rxc1 Bd6 24. Rc6 Bf8 25. Bc1 h6 26. Qc2 f5 27. Nc5 Bxc5 28. bxc5 Na4 29. Rd6 Qxa5 30. Rxd5 Qc3 31. Qd1 Nxc5 32. Bd2 Qb3 33. Qc1 Qxd5 0-1

[Event "January 2 Early 2024"]
[Site "https://www.chess.com"]
[Date "2024.01.02"]
[Round "2"]
[White "Refrigerator1955"]
[Black "Iturrizaga Bonelli, Eduardo"]
[Result "0-1"]
[Board "137"]
[TimeControl "180+1"]
[BlackFideId "3901211"]
[WhiteElo "2022"]
[BlackElo "3015"]
[BlackTeam "ESP"]
[WhiteClock "0:00:28"]
[BlackClock "0:01:02"]

1. e4 c5 2. Nf3 e6 3. d3 a6 4. Nbd2 b5 5. g3 Bb7 6. Bg2 Nc6 7. O-O g6 8. Re1 Bg7 9. e5 Qc7 10. Qe2 Nge7 11. h4 Nf5 12. c3 O-O 13. Nf1 d6 14. g4 Nfe7 15. Bf4 dxe5 16. Nxe5 Nxe5 17. Bxe5 Bxe5 18. Qxe5 Qxe5 19. Rxe5 Bxg2 20. Kxg2 Rac8 21. Ng3 Rfd8 22. Rd1 Kg7 23. h5 Nd5 24. Kf3 Rc6 25. g5 Ne7 26. h6+ Kh8 27. Kg4 Nf5 28. Nxf5 gxf5+ 29. Kf4 Kg8 30. d4 cxd4 31. Rxd4 Rxd4+ 32. cxd4 Rc4 33. Ke3 Kf8 34. Kd3 Ke7 35. b3 Rc1 36. Rc5 Rd1+ 37. Ke3 Kd7 38. a4 Rb1 39. Rc3 b4 40. Rd3 Kd6 41. Ke2 Kd5 42. Ke3 Rg1 43. Kf4 Rg4+ 44. Kf3 Rxg5 0-1

[Event "January 2 Early 2024"]
[Site "https://www.chess.com"]
[Date "2024.01.02"]
[Round "2"]
[White "Navara, David"]
[Black "Teimouri Yadkuri, Shahdad"]
[Result "1-0"]
[Board "138"]
[TimeControl "180+1"]
[WhiteFideId "309095"]
[BlackFideId "42515467"]
[WhiteElo "2970"]
[BlackElo "2397"]
[WhiteTeam "CZE"]
[BlackTeam "IRI"]
[WhiteClock "0:02:23"]
[BlackClock "0:00:00"]

1. Nf3 Nf6 2. c4 e6 3. Nc3 d5 4. e3 Be7 5. b3 O-O 6. Bb2 b6 7. cxd5 exd5 8. g3 Bb7 9. Bg2 Nbd7 10. O-O Ne4 11. Ne2 Bf6 12. Bxf6 Ndxf6 13. d3 Nc5 14. b4 Ne6 15. Ned4 Qd6 16. b5 a6 17. a4 Nc5 18. Qc2 1-0

[Event "January 2 Early 2024"]
[Site "https://www.chess.com"]
[Date "2024.01.02"]
[Round "2"]
[White "Schuh, Karsten"]
[Black "Praggnanandhaa R"]
[Result "0-1"]
[Board "139"]
[TimeControl "180+1"]
[WhiteFideId "4637950"]
[BlackFideId "25059530"]
[WhiteElo "2395"]
[BlackElo "2933"]
[WhiteTeam "GER"]
[BlackTeam "IND"]
[WhiteClock "0:00:43"]
[BlackClock "0:00:02"]

1. Nf3 Nf6 2. c4 g6 3. b4 Bg7 4. Bb2 d6 5. g3 e5 6. Bg2 O-O 7. O-O a5 8. b5 Nfd7 9. Qc2 Nc5 10. Nc3 Bf5 11. d3 Nbd7 12. Nh4 Be6 13. Nf3 Kh8 14. Nd5 c6 15. bxc6 bxc6 16. Ne3 Rb8 17. Bc3 d5 18. d4 Ne4 19. Nxe5 Nxe5 20. Bxe4 Nxc4 21. Nxc4 dxe4 22. Ne3 f5 23. Rad1 f4 24. gxf4 Rxf4 25. d5 cxd5 26. Bxg7+ Kxg7 27. Qc3+ Kh6 28. Qe5 Qg5+ 29. Qxg5+ Kxg5 30. Nxd5 Rf5 31. Nc3 Kh6 32. Nxe4 Bxa2 33. Rd7 a4 34. Rc1 Rf7 35. Rxf7 Bxf7 36. Rc7 Bd5 37. Nf6 Rb1+ 0-1

[Event "January 2 Early 2024"]
[Site "https://www.chess.com"]
[Date "2024.01.02"]
[Round "2"]
[White "Mikhalsky, Vladimir"]
[Black "Ashraf, Artin"]
[Result "1-0"]
[Board "140"]
[TimeControl "180+1"]
[WhiteFideId "14144352"]
[BlackFideId "22514805"]
[WhiteElo "2391"]
[BlackElo "2928"]
[WhiteTeam "UKR"]
[BlackTeam "IRI"]
[WhiteClock "0:00:09"]
[BlackClock "0:00:05"]

1. c4 e5 2. Nc3 d6 3. g3 g6 4. Bg2 Bg7 5. e3 Nc6 6. Nge2 h5 7. h3 Be6 8. Nd5 Qd7 9. d4 Nh6 10. b3 Nf5 11. Bb2 O-O 12. Qd2 Rab8 13. O-O-O b5 14. cxb5 Rxb5 15. Ndc3 Nb4 16. d5 Nd4 17. exd4 Bf5 18. g4 hxg4 19. hxg4 Bxg4 20. Nxb5 Qxb5 21. Nc3 Nxa2+ 22. Nxa2 Qxb3 23. Kb1 exd4 24. Ka1 Qa4 25. Bxd4 Bxd1 26. Bxg7 Kxg7 27. Rxd1 f6 28. Rh1 Kg8 29. Bf1 Rb8 30. Bd3 Qd4+ 31. Qc3 Qxf2 32. Bxg6 Qg2 33. Re1 Qxg6 34. Qxc7 Re8 35. Rxe8+ Qxe8 36. Qxd6 Qe1+ 37. Kb2 Qe2+ 38. Kb3 Qb5+ 39. Nb4 a5 40. Qd8+ Kf7 41. Qc7+ Ke8 42. Qc6+ Qxc6 43. Nxc6 f5 44. Nxa5 f4 45. Kc3 Kd7 46. Nc4 f3 47. Kd3 f2 48. Ke2 1-0